 Dungeon Crawl Stone Soup version 0.27-a0-885-g35c287b (webtiles) character file.

Game seed: 3935395171955679730

40 MrTaco21 the Cudgeller (level 3, -4/23 HPs)
             Began as a Gargoyle Fighter on Apr 3, 2021.
             Slain by a wight
             ... wielding a +3 scimitar
              (6 damage)
             ... on level 2 of the Dungeon.
             The game lasted 00:02:02 (1965 turns).

MrTaco21 the Cudgeller (Gargoyle Fighter)           Turns: 1965, Time: 00:02:03

Health: -4/23      AC: 11    Str: 20    XL:     3   Next: 50%
Magic:  3/3        EV:  7    Int:  8    God:
Gold:   61         SH:  9    Dex:  9    Spells: 2/2 levels left

rFire    . . .     SeeInvis .   a - +0 flail
rCold    . . .     Faith    .   c - +0 kite shield
rNeg     + . .     Spirit   .   b - +0 scale mail
rPois    ∞         Reflect  .   (no helmet)
rElec    +         Harm     .   (no cloak)
rCorr    .         Rampage  .   j - +0 pair of gloves
Will     .....                  (no boots)
Stlth    ..........             g - amulet of the acrobat
HPRegen  0.07/turn              (no ring)
MPRegen  0.08/turn              (no ring)

@: no status effects
A: AC +3, negative energy resistance 1, electricity resistance, torment
resistance 1, unbreathing 1, petrification resistance
a: no special abilities


You were on level 2 of the Dungeon.
You visited 1 branch of the dungeon, and saw 3 of its levels.

You collected 61 gold pieces.

Inventory:

Hand Weapons
 a - a +0 flail (weapon)
Armour
 b - a +0 scale mail (worn)
 c - a +0 kite shield (worn)
 j - a +0 pair of gloves (worn)
   (You found it on level 2 of the Dungeon)
Jewellery
 g - an amulet of the acrobat (around neck)
   (You found it on level 2 of the Dungeon)
Scrolls
 e - a scroll of noise {unknown}
 f - a scroll of fear {unknown}
 h - 3 scrolls of vulnerability {unknown}
 i - a scroll of enchant weapon {unknown}
Potions
 d - a potion of might
 k - a potion of haste {unknown}


   Skills:
 - Level 3.2 Fighting
 + Level 3.8 Maces & Flails
 - Level 3.2 Armour
 - Level 3.2 Shields


You had 2 spell levels left.
You didn't know any spells.
Your spell library was empty.

Dungeon Overview and Level Annotations

Branches:
Dungeon (3/15)

Altars:


Innate Abilities, Weirdness & Mutations

Your stone body is resilient. (AC +3)
You are immune to poison.
You resist negative energy. (rN+)
You are resistant to electric shocks. (rElec)
You are resistant to unholy torment.
You can survive without breathing.
You are immune to petrification.


Message History

* * * LOW HITPOINT WARNING * * *
The wight hits you with a +3 scimitar!
* * * LOW HITPOINT WARNING * * *
You hit the wight but do no damage. You block the wight's attack.
There is a stone staircase leading down here.
The wight misses you.
You see here a +0 ring mail.
You see here a +0 ring mail.
You block the wight's attack.
There is a stone staircase leading up here.
You climb upwards.
There is a stone staircase leading down here.
You start resting.
You climb downwards.
The wight closely misses you. The wight hits you but does no damage.
The wight hits you with a +3 scimitar.
There is a stone staircase leading up here.
You block the wight's attack. You block the wight's attack.
The wight closely misses you.
You closely miss the wight. The wight hits you with a +3 scimitar.
The wight barely misses you.
You closely miss the wight. The wight barely misses you.
You closely miss the wight. You block the wight's attack.
You closely miss the wight. The wight hits you with a +3 scimitar.
* * * LOW HITPOINT WARNING * * *
You block the wight's attack.
You closely miss the wight. The wight hits you but does no damage.
You barely miss the wight. You block the wight's attack.
The wight barely misses you.
You closely miss the wight. You block the wight's attack.
You hit the wight but do no damage. The wight hits you with a +3 scimitar.
* * * LOW HITPOINT WARNING * * *
The wight hits you but does no damage.
You sock the wight! The wight hits you with a +3 scimitar.
* * * LOW HITPOINT WARNING * * *
You closely miss the wight. The wight barely misses you.
You block the wight's attack.
Unknown command.
You barely miss the wight. The wight hits you with a +3 scimitar.
* * * LOW HITPOINT WARNING * * *
You closely miss the wight. You block the wight's attack.
Unknown command.
You closely miss the wight. You block the wight's attack.
The wight hits you with a +3 scimitar.
* * * LOW HITPOINT WARNING * * *
You barely miss the wight. You block the wight's attack.
Unknown command.
You hit the wight. The wight closely misses you.
The wight hits you with a +3 scimitar.
You die...

#.# #.# #.#######.# #.#
#z# #....z..#.#
#.######.# #######.#.#
#........# #.#.#
#......z.# #.#.###
#######.## #z#...# #.#
######.###.#
#.########..........#
#..zzz@...>..#..##..#
#..#######.#.#.###..#
#..# #.#.#.# #..###
#..#######.....# #.....
#....zz..#....####.####
#..#####.........#.#
#.............#....####
###..#####....#..........
#....# ##.......#....####


You could see 3 wights.

Vanquished Creatures
  An adder (D:2)
  2 dart slugs (D:2)
  A bat (D:2)
  2 endoplasms
  3 giant cockroaches
  5 goblins
  2 hobgoblins (D:2)
  3 ball pythons (D:2)
  A frilled lizard (D:2)
  3 kobolds
  A rat (D:2)
24 creatures vanquished.

Notes
Turn   | Place    | Note
-------+----------+-------------------------------------------
     0 | D:1      | MrTaco21 the Gargoyle Fighter began the quest for the Orb.
     0 | D:1      | Reached XP level 1. HP: 14/14 MP: 1/1
   119 | D:1      | Found a faded altar of an unknown god.
   330 | D:1      | Reached XP level 2. HP: 19/19 MP: 2/2
   674 | D:2      | Reached XP level 3. HP: 18/23 MP: 3/3
  1965 | D:2      | Slain by a wight

Illustrated notes

Levels and vault maps discovered:
D:1:      dpeg_arrival_court, layout_rooms, basic_ecumenical_altar
D:2:      layout_loops_ring, minmay_misc_feat_doors
D:3:      layout_basic, uniq_grinder

Skill      XL: |  1  2 |
---------------+-------+-----
Maces & Flails | 3 |  3.8
Fighting       | |  3.2
Armour         | |  3.2
Shields        | |  3.2

Action                   || total
-------------------------++-------
Melee: Flail             ||   117
Armor: Scale mail        ||    58
Dodge: Dodged            ||    50
Block: Kite shield       ||    60

Table legend: (Time is in decaauts)
 A = Elapsed time spent in this place.
 B = Non-inter-level travel time spent in this place.
 C = Inter-level travel time spent in this place.
 D = Time resting spent in this place.
 E = Time spent auto-exploring this place.
 F = Levels seen in this place.
 G = Mean time per level.
                   A        B        C        D        E       F      G
               +--------+--------+--------+--------+--------+-----+--------+
         Total |   2022 |   1965 |     57 |    400 |   1182 |   3 |  674.0 |
       Dungeon |   2022 |   1965 |     57 |    400 |   1182 |   3 |  674.0 |
               +--------+--------+--------+--------+--------+-----+--------+

Top non-repeatable levels by time:
     D:2: 1250 daAuts
     D:1: 752 daAuts
     D:3: 20 daAuts
